 Dungeon Crawl Stone Soup version 0.28.0-1-gb440e238dd (console) character file.

Game seed: 5344425147798117904

193 Cab the Chopper (level 5, -3/41 HPs)
             Began as a Demonspawn Fighter on Feb 27, 2022.
             Slain by a hobgoblin (4 damage)
             ... led by Robin
             ... on level 3 of the Dungeon.
             The game lasted 00:07:46 (2320 turns).

Cab the Chopper (Demonspawn Fighter)                Turns: 2320, Time: 00:07:47

Health: -3/41      AC: 14    Str: 18    XL:     5   Next: 44%
Magic:  5/5        EV:  6    Int:  9    God:
Gold:   150        SH:  4    Dex: 13    Spells: 4/4 levels left

rFire   . . .      SeeInvis .   a - +0 war axe
rCold   . . .      Faith    .   c - +0 buckler
rNeg    + . .      Spirit   .   e - +3 chain mail
rPois   .          Reflect  .   (helmet restricted)
rElec   .          Harm     .   g - +0 cloak
rCorr   .          Rampage  .   b - +0 pair of gloves
Will    .....                   (no boots)
Stlth   ..........              (no amulet)
HPRegen 0.13/turn               o - ring of positive energy
MPRegen 0.09/turn               (no ring)

@: no status effects
A: horns 2, ignite blood 1
a: no special abilities


You were on level 3 of the Dungeon.
You visited 1 branch of the dungeon, and saw 4 of its levels.

You collected 150 gold pieces.

Inventory:

Hand Weapons
 a - a +0 war axe (weapon)
Armour
 b - a +0 pair of gloves (worn)
 c - a +0 buckler (worn)
 e - a +3 chain mail (worn)
 g - a +0 cloak (worn)
Jewellery
 o - a ring of positive energy (left hand)
Scrolls
 f - a scroll of teleportation {unknown}
 j - a scroll of fear {unknown}
 l - a scroll of summoning {unknown}
 m - a scroll of identify {unknown}
 p - a scroll of noise {unknown}
Potions
 d - a potion of might
 h - a potion of haste {unknown}
 i - a potion of heal wounds {unknown}
 k - a potion of flight {unknown}
 n - a potion of curing {unknown}


   Skills:
 - Level 3.0 Fighting
 + Level 5.2 Axes
 - Level 2.6 Armour
 - Level 2.6 Shields


You had 4 spell levels left.
You didn't know any spells.
Your spell library was empty.

Dungeon Overview and Level Annotations

Branches:
Dungeon (4/15)
 Temple: D:4-7

Altars:
Gozag
Vehumet

Annotations:
D:3 Robin
D:4 Pikel


Innate Abilities, Weirdness & Mutations

You have a pair of horns on your head.
Your demonic aura sometimes causes spilled blood to erupt in flames.


Message History

The goblin wields a +0 club.
The goblin hits you with a +0 club.
You barely miss Robin.
Robin is lightly wounded.
You slash the goblin!
You kill the goblin!
You hit the hobgoblin.
The hobgoblin hits you but does no damage.
Robin hits you with a +2 spear of freezing.
Robin freezes you.
You hit Robin.
Robin is heavily wounded.
You hit the hobgoblin but do no damage.
The hobgoblin no longer looks unusually strong.
The hobgoblin hits you but does no damage.
Robin roars a battlecry!
The hobgoblin goes into a battle-frenzy!
The hobgoblin hits you.
* * * LOW HITPOINT WARNING * * *
Robin hits you but does no damage.
Things that are here:
a +0 club; a +0 hunting sling; 25 stones You see here a +0 dagger.
Robin's bangles clink loudly.
There is a stone staircase leading down here.
Robin hits you from afar with a +2 spear of freezing.
* * * LOW HITPOINT WARNING * * *
Robin freezes you.
* * * LOW HITPOINT WARNING * * *
You climb downwards.
The lemure shouts! x3; The kobold shouts!
The ogre shouts!
You hear a shout!
Found a book of Debilitation and 11 gold pieces.
Found two stone staircases leading down.
There is a stone staircase leading up here.
Okay, then.
Okay, then.
You climb upwards.
Level annotation: Robin Robin says, "Feeling lonely?"
The hobgoblin hits you.
You die... ∙∙∙∙

▒▒▒▒▒∙▒∙∙∙▒∙▒ ∙∙∙▒
▒∙∙∙∙∙∙∙∙[▒▒▒
[∙▒▒▒▒▒▒▒∙▒∙∙∙▒▒▒▒▒
∙∙∙∙∙∙∙∙∙∙▒▒▒∙∙▒▒▒▒▒
▒▒▒▒▒▒▒∙∙▒
▒▒▒∙∙∙∙∙∙∙∙∙∙∙∙▒
∙∙∙<∙∙∙∙∙▒
▒∙∙∙▒▒▒▒▒▒▒▒▒▒∙∙
∙∙∙∙∙∙∙)▒▒▒▒∙▒▒▒
∙∙∙∙∙∙▒)()∙∙∙▒


∙∙∙∙∙ ▒∙g∙@∙∙▒ ∙∙∙∙ ▒∙∙g∙∙∙∙∙∙∙∙ ∙!∙ ▒∙∙∙∙∙∙▒▒▒▒▒ ∙∙ ▒∙∙∙∙∙∙▒ ? ▒∙∙∙∙∙∙▒
▒▒▒▒▒▒▒▒ You could see Robin and a hobgoblin (strong).

Vanquished Creatures
  2 jellies (D:3)
  2 adders (D:2)
  2 worms (D:3)
  A dart slug (D:1)
  4 bats
  13 endoplasms
  2 giant cockroaches
  8 hobgoblins
  16 jackals
  14 kobolds
  5 quokkas
  6 ball pythons
  3 frilled lizards
  12 goblins
  5 rats
95 creatures vanquished.

Vanquished Creatures (others)
  A kraken (D:1)
  A ghoul (D:1)
  A minotaur (D:1)
  A felid (D:1)
  4 fungi (D:3)
  4 tentacles (D:1)
  8 toadstools (D:3)
20 creatures vanquished.

Grand Total: 115 creatures vanquished

Notes
Turn   | Place    | Note
-------+----------+-------------------------------------------
     0 | D:1      | Cab the Demonspawn Fighter began the quest for the Orb.
     0 | D:1      | Reached XP level 1. HP: 18/18 MP: 1/1
     0 | D:1      | Noticed a vampire
     0 | D:1      | Noticed a felid
     0 | D:1      | Noticed a ghoul
     0 | D:1      | Noticed a minotaur
     0 | D:1      | Noticed a minotaur
     0 | D:1      | Noticed a demigod
     0 | D:1      | Noticed a kraken
     0 | D:1      | Noticed a dwarf
     0 | D:1      | Noticed an ogre
     0 | D:1      | Noticed a vampire
     0 | D:1      | Noticed a demigod
     0 | D:1      | Noticed a dwarf
     8 | D:1      | Killed a ghoul
     8 | D:1      | Killed a felid
     8 | D:1      | Killed a minotaur
     9 | D:1      | Killed a kraken
    18 | D:1      | Reached skill level 2 in Axes
    98 | D:1      | Gained mutation: You have a pair of small horns on your
                  | head. [demonic ancestry]
    98 | D:1      | Reached XP level 2. HP: 24/24 MP: 2/2
   106 | D:1      | Found a faded altar of an unknown god.
   402 | D:1      | Reached skill level 3 in Axes
   500 | D:1      | Gained mutation: You have a pair of horns on your head.
                  | [demonic ancestry]
   500 | D:1      | Reached XP level 3. HP: 29/29 MP: 3/3
  1073 | D:2      | Reached skill level 4 in Axes
  1073 | D:2      | Reached XP level 4. HP: 30/35 MP: 4/4
  1372 | D:3      | Found an opulent altar of Gozag.
  1393 | D:3      | Found a radiant altar of Vehumet.
  1711 | D:3      | Gained mutation: Your demonic aura sometimes causes spilled
                  | blood to erupt in flames. [demonic ancestry]
  1711 | D:3      | Reached XP level 5. HP: 24/41 MP: 5/5
  1726 | D:3      | Reached skill level 5 in Axes
  2293 | D:3      | Noticed Robin
  2317 | D:3      | HP: 2/41 [Robin (5)]
  2318 | D:4      | Noticed Pikel
  2318 | D:4      | Noticed a lemure
  2318 | D:4      | Noticed a lemure
  2318 | D:4      | Noticed a lemure
  2318 | D:4      | Noticed a lemure
  2318 | D:4      | Noticed an ogre
  2320 | D:3      | Slain by a hobgoblin

Illustrated notes

Levels and vault maps discovered:
D:1:      nicolae_arrival_kraken_aquarium_a, layout_rooms,
          shapermc_ecumenical_altar_mp_vishouse
D:2:      layout_basic, grunt_decor_one_mirror
D:3:      cheibrodos_fertilizer, layout_rooms,
          mainiacjoe_overflow_large_starburst, minmay_increasing_density,
          uniq_grinder, uniq_robin
D:4:      layout_rooms, uniq_pikel, uniq_duvessa

Skill      XL: |  1  2  3  4  5 |
---------------+----------------+-----
Axes           | 2 3 4 5 |  5.2
Fighting       | |  3.0
Armour         | |  2.6
Shields        | |  2.6

Action                   |  1- 3 |  4- 6 || total
-------------------------+-------+-------++-------
Melee: War axe           |    85 |    97 ||   182
       Headbutt          |     8 |    18 ||    26
Armor: Scale mail        |    17 |       ||    17
       Chain mail        |    43 |    75 ||   118
Dodge: Dodged            |    42 |    46 ||    88
Block: Buckler           |    18 |    24 ||    42
